 Dungeon Crawl Stone Soup version 0.28.0-45-g0d030f2227 (webtiles) character file.

Game seed: 2193528877355103001

98 Kangaroobicon the Ruffian (level 4, -1/44 HPs)
             Began as a Troll Monk on Apr 16, 2022.
             Slain by a gnoll
             ... wielding a +0 whip
              (6 damage)
             ... on level 3 of the Dungeon.
             The game lasted 00:11:31 (1527 turns).

Kangaroobicon the Ruffian (Troll Monk)              Turns: 1527, Time: 00:11:31

Health: -1/44      AC:  4    Str: 19    XL:     4   Next: 44%
Magic:  3/3        EV: 10    Int:  6    God:
Gold:   107        SH:  0    Dex: 14    Spells: 3/3 levels left

rFire   . . .      SeeInvis .     - Unarmed
rCold   . . .      Faith    .   (no shield)
rNeg    . . .      Spirit   .   a - +0 robe
rPois   .          Reflect  .   (helmet restricted)
rElec   .          Harm     .   (no cloak)
rCorr   .          Rampage  .   (gloves unavailable)
Will    .....                   (boots unavailable)
Stlth   ++........              (no amulet)
HPRegen 0.94/turn               (no ring)
MPRegen 0.08/turn               (no ring)

@: no status effects
A: large, unfitting armour, claws 3, regeneration 1, shaggy fur 1, tough skin 1
a: no special abilities


You were on level 3 of the Dungeon.
You visited 1 branch of the dungeon, and saw 3 of its levels.

You collected 107 gold pieces.

Inventory:

Hand Weapons
 l - a +1 hand axe of electrocution
Missiles
 b - 19 stones (quivered)
 h - 30 bolts
 i - 43 arrows
Armour
 a - a +0 robe (worn)
Magical Staves
 c - a staff of air
Jewellery
 f - a ring of magical power
Scrolls
 d - a scroll of noise {unknown}
 g - a scroll of summoning {unknown}
 m - a scroll of immolation {unknown}
Potions
 e - a potion of degeneration {unknown}
 j - 2 potions of curing {unknown}
 k - a potion of brilliance {unknown}


   Skills:
 + Level 2.8 Fighting
 + Level 3.1 Dodging
 + Level 1.3 Stealth
 + Level 4.1 Unarmed Combat


You had 3 spell levels left.
You didn't know any spells.
Your spell library was empty.

Dungeon Overview and Level Annotations

Branches:
Dungeon (3/15)

Altars:


Innate Abilities, Weirdness & Mutations

You are too large for most types of armour.
You have claws for hands.
Your natural rate of healing is unusually fast.
You are covered in fur. (AC +1)
You have tough skin. (AC +1)


Message History

You scratch the gnoll.
You kill the gnoll!
The gnoll hits you with a +0 whip.
* * * LOW HITPOINT WARNING * * *
The ball python barely misses you.
The dart slug bites you but does no damage.
You scratch the dart slug.
The dart slug is lightly wounded.
The ball python completely misses you. The gnoll hits you with a +0 whip.
* * * LOW HITPOINT WARNING * * *
You claw the dart slug!
The dart slug is almost dead.
The ball python misses you. The dart slug misses you.
The gnoll hits you with a +0 whip.
* * * LOW HITPOINT WARNING * * *
You claw the dart slug!
You kill the dart slug!
The ball python bites you but does no damage.
The gnoll hits you but does no damage.
You scratch the gnoll.
The gnoll is moderately wounded.
The ball python bites you but does no damage.
The gnoll hits you but does no damage.
You scratch the gnoll but do no damage.
The gnoll is moderately wounded.
The ball python bites you.
* * * LOW HITPOINT WARNING * * *
The gnoll hits you with a +0 whip!
* * * LOW HITPOINT WARNING * * *
You closely miss the gnoll.
The gnoll is moderately wounded.
The ball python barely misses you.
The ball python bites you but does no damage.
You closely miss the gnoll.
The gnoll is moderately wounded.
The gnoll misses you. The ball python barely misses you.
You completely miss the gnoll.
The gnoll is moderately wounded.
The gnoll hits you with a +0 whip.
You die...

.=.. . #... .. #
..# # #..#. ..#
###.# #...##.#
#..... .....#
#......
#)†##.......
#.@Sl.......
#.###g#........
#.....w.....$..
#...##.##.......
... #.# .......
.. #.# #...... #
..# ...... .##
...... #. #...!.


You could see a gnoll, a dart slug, a ball python and a frilled lizard.

Vanquished Creatures
  2 gnolls (D:3)
  An adder (D:2)
  A worm (D:2)
  2 dart slugs
  4 bats
  6 endoplasms
  3 giant cockroaches (D:1)
  4 goblins
  6 hobgoblins
  2 jackals (D:1)
  6 quokkas
  5 ball pythons
  10 frilled lizards
  6 kobolds
  3 rats
61 creatures vanquished.

Vanquished Creatures (others)
  5 demonic plants (D:1)
  3 fungi (D:1)
  3 plants (D:1)
  2 withered plants (D:1)
13 creatures vanquished.

Grand Total: 74 creatures vanquished

Notes
Turn   | Place    | Note
-------+----------+-------------------------------------------
     0 | D:1      | Kangaroobicon the Troll Monk began the quest for the Orb.
     0 | D:1      | Reached XP level 1. HP: 22/22 MP: 0/0
   128 | D:1      | Reached XP level 2. HP: 24/29 MP: 1/1
   271 | D:1      | You fall into a shaft and drop 1 floor!
   287 | D:2      | Reached XP level 3. HP: 6/36 MP: 2/2
  1182 | D:1      | Found a faded altar of an unknown god.
  1278 | D:1      | Reached XP level 4. HP: 44/44 MP: 3/3
  1517 | D:3      | Reached skill level 4 in Unarmed Combat
  1524 | D:3      | HP: 2/44 [gnoll/+0 whip (7)]
  1527 | D:3      | Slain by a gnoll

Illustrated notes

Levels and vault maps discovered:
D:1:      lightli_arrival_isolated_outpost, layout_rooms,
          shapermc_ecumenical_altar_gd, minmay_quantized
D:2:      cheibrodos_helix_gallery, layout_basic
D:3:      layout_rooms

Skill      XL: |  1  2  3  4 |
---------------+-------------+-----
Dodging        | 3 |  3.1
Unarmed Combat | 4 |  4.1
Fighting       | |  2.8
Stealth        | |  1.3

Action                   |  1- 3 |  4- 6 || total
-------------------------+-------+-------++-------
Melee: Unarmed           |   118 |    32 ||   150
       Punch             |     4 |     1 ||     5
 Stab: Sleeping          |     4 |       ||     4
Armor: Robe              |    48 |    14 ||    62
Dodge: Dodged            |    76 |    22 ||    98
